 Dungeon Crawl Stone Soup version 0.22-a0-469-gf26638a (webtiles) character file.

15158 namelastname112 the Fighter (level 11, -2/99 HPs)
             Began as a Black Draconian Hunter on June 12, 2018.
             Was an Elder of Dithmenos.
             Slain by a five-headed hydra (5 damage)
             ... on level 15 of the Dungeon.
             The game lasted 00:27:07 (14256 turns).

namelastname112 the Fighter (DrHu)                 Turns: 14256, Time: 00:27:09

Health: -2/99      AC: 10    Str: 26    XL:     11   Next: 98%
Magic:  11/11      EV: 18    Int: 11    God:    Dithmenos [****..]
Gold:   746        SH:  6    Dex: 17    Spells: 10/10 levels left

rFire    . . .     SeeInvis .   b - +3 dagger of Jemmix {elec, rElec}
rCold    . . .     Gourm    .   (no shield)
rNeg     + + .     Faith    .   (armour unavailable)
rPois    +         Spirit   .   (helmet restricted)
rElec    +         Reflect  +   M - +0 cloak (curse)
rCorr    .         Harm     .   s - +1 pair of gloves
MR       +....                  (no boots)
Stlth    ++++++....             v - +6 amulet of reflection
HPRegen  0.26/turn              z - ring of Surprise {rN+ Str+7}
MPRegen  0.12/turn              P - ring "Exkaxeme" {rPois rN+ MR+ Str+3 Dex+3}

@: about to teleport, wreathed by umbra
A: breathe lightning, unfitting armour, electricity resistance, cold-blooded, AC
+7
a: Breathe Lightning, Shadow Step, Renounce Religion


You were on level 15 of the Dungeon.
You worshipped Dithmenos.
Dithmenos was greatly pleased with you.
You were not hungry.

You visited 1 branch of the dungeon, and saw 13 of its levels.
You visited the Abyss 1 time.
You also visited: Ossuary.

You collected 746 gold pieces.

Inventory:

Hand Weapons
 a - a +2 hand crossbow of velocity
 b - the +3 dagger of Jemmix (weapon) {elec, rElec}
   (You found it on level 10 of the Dungeon)

   Occasionally, upon striking a foe, it will discharge some electrical energy
   and cause terrible harm.
   It insulates you from electricity.
 F - a +1 dagger of protection
 H - a +1 dagger of speed
Missiles
 c - 60 bolts
Armour
 s - a +1 pair of gloves (worn)
 M - a cursed +0 cloak (worn)
Jewellery
 v - a +6 amulet of reflection (around neck)
 z - the ring of Surprise (left hand) {rN+ Str+7}
   (You found it in an ossuary)

   [ring of positive energy]

   It affects your strength (+7).
   It protects you from negative energy.
 G - an uncursed amulet of magic regeneration {unknown}
 P - the ring "Exkaxeme" (right hand) {rPois rN+ MR+ Str+3 Dex+3}
   (You found it on level 12 of the Dungeon)

   [ring of positive energy]

   It affects your strength (+3).
   It affects your dexterity (+3).
   It protects you from poison.
   It protects you from negative energy.
   It affects your resistance to hostile enchantments.
Wands
 g - a wand of acid (11)
 r - a wand of enslavement (13)
 C - a wand of iceblast (4)
 I - a wand of polymorph (13)
 J - a wand of paralysis (23)
Scrolls
 e - 7 scrolls of identify
 f - 7 scrolls of remove curse
 j - a scroll of fog
 l - 5 scrolls of teleportation
 n - 3 scrolls of fear
 q - 3 scrolls of enchant armour
 w - a scroll of magic mapping {unknown}
 y - a scroll of enchant weapon
 D - a scroll of immolation {unknown}
 K - a scroll of holy word {unknown}
 N - 2 scrolls of amnesia
Potions
 h - 2 potions of degeneration
 i - 3 potions of brilliance {unknown}
 k - a potion of magic
 m - 4 potions of might
 o - 2 potions of agility {unknown}
 p - a potion of berserk rage {unknown}
 t - 7 potions of curing
 u - a potion of invisibility {unknown}
 x - 2 potions of cancellation {unknown}
 A - a potion of lignification
 B - a potion of flight
 L - a potion of heal wounds
 O - a potion of haste {unknown}
Miscellaneous
 E - a phantom mirror
Comestibles
 d - 19 rations


   Skills:
 + Level 9.9 Fighting
 + Level 8.8 Short Blades
 + Level 9.0 Crossbows
 + Level 8.3 Dodging
 + Level 8.9 Stealth


You had 10 spell levels left.
You didn't know any spells.
Your spell library contained the following spells:

 Spells                   Type           Power        Failure   Level  Hunger
 Confuse                  Hex            #.......     71%         3    ####...
 Spider Form              Tmut/Pois      #.........   71%         3    ####...
 Blade Hands              Tmut           #.........   100%        5    ######.
 Statue Form              Tmut/Erth      #........    100%        6    #######
 Ice Form                 Ice/Tmut       #.......     98%         4    #####..
 Dragon Form              Tmut           #.........   100%        7    #######
 Confusing Touch          Hex            #.....       34%         1    ##.....
 Sticks to Snakes         Tmut           #.......     47%         2    ###....
 Metabolic Englaciation   Hex/Ice        #.........   100%        5    ######.
 Petrify                  Tmut/Erth      #.......     98%         4    #####..
 Beastly Appendage        Tmut           #.....       34%         1    ##.....
 Hydra Form               Tmut           #.........   100%        6    #######
 Irradiate                Conj/Tmut      #.........   100%        5    ######.
 Gell's Gravitas          Tloc           #.........   71%         3    ####...
 Yara's Violent Unravell  Hex/Tmut       #.........   100%        5    ######.


Dungeon Overview and Level Annotations

Branches:
Dungeon (12/15)            Temple (0/1) D:4            Lair (0/6) D:8
    Orc (0/2) D:12

Altars:
Dithmenos
Fedhas
Qazlal
Ru

Shops:
D:8 :(

Annotations:
D:12 2 transporters, exclusion: obsidian statue
D:15 Louise


Innate Abilities, Weirdness & Mutations

You can breathe wild blasts of lightning.
Your glossy black scales are hard. (AC +7)
You cannot fit into any form of body armour.
You are resistant to electric shocks. (rElec)
You are cold-blooded and may be slowed by cold attacks.


Message History

You hear a bark!
You hear a shout!
You hear a bark!
You hear two shouts!
You hear a shout!
You hear two shouts!
You hear a roar!
You hear a shout!
You hear a screech!
You hear a shout! x2
You take 31 damage, and have 33/99 hp.
MASSIVE DAMAGE!!
You feel yourself speed up.
The centaur warrior shoots an arrow.
The arrow misses you.
As you read the scroll of teleportation, it crumbles to dust.
You feel strangely unstable. The five-headed hydra bites you!!
* * * LOW HITPOINT WARNING * * *
The five-headed hydra closely misses you.
The five-headed hydra bites you!
* * * LOW HITPOINT WARNING * * *
The five-headed hydra bites you but does no damage.
The five-headed hydra barely misses you.
The centaur warrior unwields an uncursed longbow of freezing.
The centaur warrior hits you.
* * * LOW HITPOINT WARNING * * *
You take 31 damage, and have 2/99 hp.
MASSIVE DAMAGE!!
The five-headed hydra bites you.
You die...

# ## .# ######### .#
#.......# .# #...(...#
.####... #....?..#
........ ####@......#
.####### #..#D.....(# ##
#...c......# #
##.##..#.......# ####
...#..........## ...#
#.≈#....(....... ...# #
..#.##.....####
.#####.####.#.##..##O...#
(##......#...##..#...##..


You could see a five-headed hydra, a centaur warrior and a two-headed ogre.

Vanquished Creatures
  2 tengu warriors (D:11)
  An unseen horror (D:11)
  An ugly thing (D:12)
  3 manticores
  2 cyclopes
  A komodo dragon (D:11)
  3 trolls (D:12)
  Grinder (D:6)
  3 slime creatures (D:12)
  2 hippogriffs
  Sigmund (D:5)
  5 orc warriors
  2 wraiths
  A vampire (D:10)
  6 yaks (D:11)
  A human (D:9)
  A hungry ghost (D:11)
  A wyvern (D:9)
  4 hogs (D:9)
  Menkaure (D:6)
  3 sky beasts
  A small abomination (Abyss:2)
  7 ogres
  6 ice beasts
  A phantom (D:8)
  4 centaurs
  A crocodile (D:9)
  A big kobold (D:12)
  Blork the orc (D:4)
  6 bullfrogs
  2 wyvern zombies
  7 scorpions
  10 killer bees
  6 wights
  2 crimson imps
  2 centaur zombies
  2 bullfrog zombies
  5 hounds
  A quasit (D:5)
  3 jellies
  3 centaur skeletons
  10 orc priests
  14 orc wizards
  Jessica (D:2)
  5 iguanas
  2 worker ants (D:9)
  3 killer bee zombies
  2 hound zombies
  A hound skeleton (D:5)
  18 mummies (Ossuary)
  A howler monkey zombie (Ossuary)
  A worker ant zombie (D:5)
  8 adders
  2 howler monkey skeletons
  2 river rats (D:3)
  2 shadow imps
  An ooze (D:1)
  3 worms (D:3)
  3 adder skeletons
  A dart slug (D:2)
  6 leopard geckos
  46 orcs
  8 bats
  6 giant cockroaches
  6 goblins
  6 hobgoblins
  13 jackals
  2 quokkas
  8 frilled lizards
  2 goblin zombies (D:6)
  2 jackal zombies (Ossuary)
  8 kobolds
  A leopard gecko skeleton (D:4)
  2 leopard gecko zombies
  A quokka skeleton (D:4)
  2 quokka zombies (Ossuary)
  11 rats
326 creatures vanquished.

Vanquished Creatures (collateral kills)
  An orc wizard (D:6)
  3 orcs (D:6)
4 creatures vanquished.

Vanquished Creatures (others)
  A centaur zombie (D:6)
  6 withered plants (Ossuary)
7 creatures vanquished.

Grand Total: 337 creatures vanquished

Notes
Turn   | Place    | Note
-------+----------+-------------------------------------------
     0 | D:1      | namelastname112 the Draconian Hunter began the quest for the Orb.
     0 | D:1      | Reached XP level 1. HP: 17/17 MP: 1/1
    72 | D:1      | Reached skill level 1 in Stealth
   116 | D:1      | Reached XP level 2. HP: 22/25 MP: 2/2
   471 | D:2      | Noticed Jessica
   483 | D:2      | Killed Jessica
   483 | D:2      | Reached skill level 1 in Short Blades
   483 | D:2      | Reached XP level 3. HP: 19/30 MP: 3/3
   873 | D:3      | Reached XP level 4. HP: 22/37 MP: 4/4
   905 | D:3      | Found a sacrificial altar of Ru.
  1180 | D:3      | Reached XP level 5. HP: 31/45 MP: 5/5
  1207 | D:3      | Found a shadowy altar of Dithmenos.
  1706 | D:3      | Reached XP level 6. HP: 27/51 MP: 6/6
  2384 | D:4      | Found a staircase to the Ecumenical Temple.
  2749 | D:4      | Noticed Blork the orc
  2754 | D:4      | Killed Blork the orc
  2754 | D:4      | Your scales start taking on a glossy black colour.
  2754 | D:4      | Reached XP level 7. HP: 59/59 MP: 7/7
  2754 | D:4      | Gained mutation: You are resistant to electric shocks. (rElec) [Black Draconian growth]
  2791 | D:3      | Became a worshipper of Dithmenos the Shadowed
  2853 | D:5      | Entered Level 5 of the Dungeon
  3487 | D:5      | Reached skill level 5 in Crossbows
  3952 | D:5      | Noticed Sigmund
  3958 | D:5      | Reached skill level 5 in Fighting
  3958 | D:5      | Reached XP level 8. HP: 61/68 MP: 8/8
  3961 | D:5      | Killed Sigmund
  4436 | D:6      | Noticed Menkaure
  4444 | D:6      | Killed Menkaure
  4444 | D:6      | Reached skill level 5 in Stealth
  4464 | D:6      | Reached * piety under Dithmenos
  4464 | D:6      | Reached skill level 5 in Dodging
  4485 | D:6      | Noticed Grinder
  4490 | D:6      | Paralysed by Grinder for 3 turns
  4659 | D:6      | Killed Grinder
  4659 | D:6      | Reached skill level 5 in Short Blades
  4659 | D:6      | Reached XP level 9. HP: 30/75 MP: 9/9
  4693 | D:6      | Found a sand-covered staircase.
  4700 | Ossuary  | Entered an ossuary
  5476 | Ossuary  | Got a crude amber ring
  5663 | D:6      | Reached ** piety under Dithmenos
  6735 | D:7      | Identified the ring of Surprise {rN+ Str+7} (You found it in an ossuary)
  6830 | D:8      | Found a staircase to the Lair.
  6843 | D:8      | Found Ewniuni's Book Shoppe.
  6962 | D:8      | Found Qugav's Weapon Shop.
  7984 | D:9      | Reached XP level 10. HP: 67/86 MP: 10/10
  8648 | D:10     | Entered Level 10 of the Dungeon
  9313 | D:10     | Got a shimmering dagger
  9314 | D:10     | Identified the cursed +3 dagger of Jemmix {elec, rElec} (You found it on level 10 of the Dungeon)
  9430 | D:10     | Reached *** piety under Dithmenos
 11073 | D:11     | Noticed a brown ugly thing
 11242 | D:11     | Noticed a manticore
 11264 | D:11     | Killed a manticore
 11264 | D:11     | Reached XP level 11. HP: 50/95 MP: 11/11
 11578 | D:11     | Noticed a tengu warrior
 11580 | D:11     | Noticed a tengu warrior
 11654 | D:11     | Found a stormy altar of Qazlal.
 11798 | D:11     | Killed an unseen horror
 12076 | D:11     | Killed a tengu warrior
 12076 | D:11     | Reached **** piety under Dithmenos
 12092 | D:11     | Killed a tengu warrior
 12671 | D:12     | Found a staircase to the Orcish Mines.
 12731 | D:12     | Noticed a two-headed ogre
 12732 | D:12     | Noticed a two-headed ogre
 12732 | D:12     | Noticed a two-headed ogre
 12765 | D:12     | Found a transporter.
 12767 | D:12     | Noticed an ogre mage
 12768 | D:12     | Noticed a centaur warrior
 12769 | D:12     | Noticed a tengu reaver
 12770 | D:12     | Noticed an ettin
 12771 | D:12     | Noticed an obsidian statue
 12777 | D:12     | Found a transporter.
 13091 | D:12     | Noticed a purple ugly thing
 13107 | D:12     | Killed a purple ugly thing
 13731 | D:12     | Got a vibrating amber ring
 13733 | D:12     | Identified the ring "Exkaxeme" {rPois rN+ MR+ Str+3 Dex+3} (You found it on level 12 of the Dungeon)
 13944 | D:12     | You fall through a shaft for 3 floors!
 13944 | D:15     | Entered Level 15 of the Dungeon
 13944 | D:15     | Found a blossoming altar of Fedhas.
 14150 | D:15     | Noticed Louise
 14163 | D:15     | Noticed a five-headed hydra
 14166 | D:15     | Cast into level 2 of the Abyss (Louise)
 14221 | D:15     | Escaped the Abyss
 14224 | D:15     | Noticed a centaur warrior
 14248 | D:15     | Noticed a two-headed ogre
 14253 | D:15     | HP: 2/99 [centaur warrior (3)]
 14256 | D:15     | Slain by a five-headed hydra

Vault maps used:
D:1:      lightli_arrival_flooded_house
D:2:      first_ration, solitary_fountain, uniq_jessica
D:3:      nicolae_dithmenos_through_a_glass_darkly, gup_sewer_entry_bubbles,
          nicolae_ru_great_annihilating_truth
D:4:      minmay_temple_entry_glassed_door, uniq_blork_the_orc
D:5:      minmay_liquid_box, minmay_door_square, uniq_sigmund
D:6:      enter_ossuary_4, corexii_corridor_pit, feat_on_display, uniq_grinder,
          uniq_menkaure
D:8:      lair_entry_dummy, serial_shops, nicolae_shop_stone, nicolae_shop_stone
D:9:      grunt_livestock
D:11:     minmay_misc_feat_hallway, grunt_qazlal_sundering
D:12:     gammafunk_sealed_arena, orc_0_dummy
D:15:     hangedman_depths_entry_try_elsewhere_first, fedhas_altar_2,
          uniq_louise, uniq_azrael, uniq_nessos
Ossuary:  ossuary_zaba_flooded

Skill      XL: |  1  2  3  4  5  6  7  8  9 10 11 |
---------------+----------------------------------+-----
Stealth        | 1 2 3 4 5 6 7 8 |  8.9
Dodging        | 2 3 4 5 6 7 8 |  8.3
Short Blades   | 1 2 3 5 6 7 8 |  8.8
Fighting       | 3 4 5 6 7 8 9 |  9.9
Crossbows      | 4 5 6 7 9 |  9.0

Action                   |  1- 3 |  4- 6 |  7- 9 | 10-12 || total
-------------------------+-------+-------+-------+-------++-------
Melee: Short sword       |    81 |   177 |       |       ||   258
       Tailslap          |    12 |    18 |   131 |   126 ||   287
       Dagger            |       |    10 |   812 |   647 ||  1469
 Fire: Hand crossbow     |     6 |   117 |    92 |    22 ||   237
 Abil: Breathe Lightning |       |       |     8 |     2 ||    10
Evoke: Wand              |       |       |     2 |       ||     2
  Use: Potion            |       |     2 |     2 |       ||     4
       Scroll            |       |       |    17 |     7 ||    24
 Stab: Sleeping          |     2 |     1 |     7 |    19 ||    29
       Distracted        |       |       |     3 |     2 ||     5
  Eat: Chunk             |       |     5 |    10 |     6 ||    21
       Ration            |       |     1 |     2 |     5 ||     8
Armor: Skin              |    21 |    59 |   243 |    99 ||   422
Dodge: Dodged            |    54 |   195 |   498 |   300 ||  1047
Block: Other             |       |       |    44 |   136 ||   180
       Reflection        |       |       |     1 |     3 ||     4

Table legend:
 A = Spawn XP
 B = Non-spawn XP
 C = Spawn XP percentage of total XP
 D = Spawn monster count
 E = Non-spawn monster count
 F = Spawn count percentage of total count
 G = Total turns spent on level
                    A         B        C        D         E        F      G
               +---------+---------+-------+---------+---------+-------+---------
         Total |       0 |   21655 |   0.0 |       0 |     331 |   0.0 | 14256
               +---------+---------+-------+---------+---------+-------+---------
           D:1 |       0 |      32 |   0.0 |       0 |      17 |   0.0 |   412
           D:2 |       0 |      56 |   0.0 |       0 |      13 |   0.0 |   443
           D:3 |       0 |     294 |   0.0 |       0 |      49 |   0.0 |  1129
           D:4 |       0 |     376 |   0.0 |       0 |      16 |   0.0 |   869
           D:5 |       0 |    1007 |   0.0 |       0 |      26 |   0.0 |  1238
           D:6 |       0 |    1155 |   0.0 |       0 |      22 |   0.0 |   701
           D:7 |       0 |     580 |   0.0 |       0 |       8 |   0.0 |  1075
           D:8 |       0 |     928 |   0.0 |       0 |      15 |   0.0 |   845
           D:9 |       0 |    2456 |   0.0 |       0 |      35 |   0.0 |  1901
          D:10 |       0 |    1016 |   0.0 |       0 |      17 |   0.0 |  1090
          D:11 |       0 |    6626 |   0.0 |       0 |      46 |   0.0 |  1952
          D:12 |       0 |    4919 |   0.0 |       0 |      30 |   0.0 |  1340
          D:15 |       0 |    1346 |   0.0 |       0 |       7 |   0.0 |   257
       Abyss:2 |       0 |     129 |   0.0 |       0 |       1 |   0.0 |    55
       Ossuary |       0 |     735 |   0.0 |       0 |      29 |   0.0 |   949
               +---------+---------+-------+---------+---------+-------+---------
